 Dungeon Crawl Stone Soup version 0.31.0-4-g52a2dc7128 (webtiles) character file.

Game seed: 3251695721527884817

67 BeingJoeMalik the Grave Robber (level 3, 0/25 HPs)
             Began as a Mummy Necromancer on Jan 23, 2024.
             Slain by a hobgoblin
             ... wielding the +5 flail of Contention {freeze, rF+ rN++ MP+9 Dex-5}
             ... led by Robin
              (12 damage)
             ... on level 1 of the Dungeon.
             The game lasted 00:05:01 (1573 turns).

BeingJoeMalik the Grave Robber (Mummy Necromancer)  Turns: 1573, Time: 00:05:03

Health: 0/25       AC:  2    Str: 11    XL:     3   Next: 98%
Magic:  0/7        EV: 12    Int: 16    God:
Gold:   121        SH:  0    Dex: 12    Spells: 4/8 levels left

rFire   x . .        b - +1 dagger (elec)
rCold   + + .        (no shield)
rNeg    + + +        a - +0 robe
rPois   ∞            (no helmet)
rElec   .            (no cloak)
rCorr   .            (no gloves)
SInv    .            (no boots)
Will    .....        (no amulet)
Stlth   ++           c - ring of protection from cold
HPRegen 0.24/turn    (no ring)
MPRegen 0.10/turn

%: faith
@: no status effects
A: cold resistance 1, negative energy resistance 3, torment resistance 2, heat
vulnerability 1, in touch with death 1, no potions, faith
a: no special abilities


You were on level 1 of the Dungeon.
You visited 1 branch of the dungeon, and saw 2 of its levels.

You collected 121 gold pieces.

Inventory:

Hand Weapons
 b - a +1 dagger of electrocution (weapon)
Missiles
 e - 2 throwing nets
Armour
 a - a +0 robe (worn)
Jewellery
 c - a ring of protection from cold (left hand)
Scrolls
 d - a scroll of fear {unknown}
 f - 2 scrolls of identify {unknown}


   Skills:
 * Level 0.5 Fighting
 - Level 1.5 Dodging
 - Level 1.5 Stealth
 + Level 3.1 Spellcasting
 + Level 5.3 Necromancy


You had 4 spell levels left.
You knew the following spells:

 Your Spells              Type           Power      Damage    Failure   Level
a - Necrotise             Necr           100%       1d9       1%          1
b - Vampiric Draining     Necr           29%        2d8       6%          3

Your spell library contained the following spells:

 Spells                   Type           Power      Damage    Failure   Level
 Animate Dead             Necr           29%        N/A       21%         4
 Dazzling Flash           Conj/Hex       4%         N/A       50%         3
 Mephitic Cloud           Conj/Alch/Air  2%         N/A       50%         3
 Curse of Agony           Necr           29%        N/A       50%         5
 Silence                  Hex/Air        1%         N/A       99%         5


Dungeon Overview and Level Annotations

Branches:
Dungeon (2/15)

Altars:

Annotations:
D:2 Robin


Innate Abilities, Weirdness & Mutations

You are immune to poison.
Your flesh is cold resistant. (rC+)
You are immune to negative energy. (rN+++)
You are immune to unholy pain and torment.
You are vulnerable to heat. (rF-)
You are in touch with the powers of death.
You do not drink.
You have a special connection with the divine. (Faith)


Message History

The goblin hits your goblin skeleton with a +0 dagger.
Your goblin skeleton is destroyed!
Something hits your quokka skeleton.
The hobgoblin no longer looks unusually strong.
Robin roars a battlecry!
The hobgoblin goes into a battle-frenzy!
Your quokka skeleton crumbles into dust!
There is a stone staircase leading up here.
The hobgoblin no longer looks unusually strong.
The hobgoblin completely misses you.
You climb upwards.
There is a stone staircase leading down here.
Unknown command.
Casting: Necrotise (safe; 1% risk of failure)
Confirm with . or Enter, or press ? or * to list all spells.
Aiming: Necrotise (safe; 1% risk of failure)
Press: ? - help, Shift-Dir - straight line, f - hobgoblin
Aim: a hobgoblin, wielding the +5 flail of Contention {freeze, rF+ rN++ MP+9 Dex-5} (chance to affect: 93%)
You feel a surge of power!
The hobgoblin writhes in agony.
The hobgoblin barely misses you.
Casting: Necrotise (safe; 1% risk of failure)
Confirm with . or Enter, or press ? or * to list all spells.
Aiming: Necrotise (safe; 1% risk of failure)
Press: ? - help, Shift-Dir - straight line, f/p - hobgoblin
Aim: a hobgoblin, wielding the +5 flail of Contention {freeze, rF+ rN++ MP+9 Dex-5} (lightly wounded, chance to affect: 93%)
You feel a surge of power!
The hobgoblin is unaffected.
The hobgoblin hits you with the +5 flail of Contention {freeze, rF+ rN++ MP+9 Dex-5}.
You see here 2 stones.
The hobgoblin attacks as it pursues you!
The hobgoblin hits you with the +5 flail of Contention {freeze, rF+ rN++ MP+9 Dex-5}!
The hobgoblin attacks as it pursues you!
The hobgoblin barely misses you.
Casting: Necrotise (safe; 1% risk of failure)
Confirm with . or Enter, or press ? or * to list all spells.
Aiming: Necrotise (safe; 1% risk of failure)
Press: ? - help, Shift-Dir - straight line, f/p - hobgoblin
Aim: a hobgoblin, wielding the +5 flail of Contention {freeze, rF+ rN++ MP+9 Dex-5} (lightly wounded, chance to affect: 93%)
You feel a surge of power!
The hobgoblin writhes in agony.
The hobgoblin hits you with the +5 flail of Contention {freeze, rF+ rN++ MP+9 Dex-5}!
You die...

### #######.. #...)(... #####
#.#...... #...######## #.#.###.#
#####.#........# #.#.# #.#
...........###.##########.#.# #.#
.#####.###.#.>(g@.........#.###.#
.# #...........................
.# #...........................
.# #.................#####.....
.## #.................#...#.....
..# #...........#######.8.#.....
..# #..♣.♣.♣.♣..#.........#.....
..# #..........##........##.....
(.# ##..........'.........#....⌠.


You could see a hobgoblin.

Vanquished Creatures
  A gnoll (D:1)
  2 ribbon worms (D:2)
  8 ball pythons
  5 bats
  2 endoplasms (D:1)
  3 giant cockroaches (D:1)
  10 goblins
  3 hobgoblins
  4 quokkas
  A frilled lizard (D:1)
  4 kobolds
  2 rats
45 creatures vanquished.

Vanquished Creatures (collateral kills)
  2 endoplasms (D:1)
  A goblin (D:2)
3 creatures vanquished.

Grand Total: 48 creatures vanquished

Notes
Turn   | Place    | Note
-------+----------+-------------------------------------------
     0 | D:1      | BeingJoeMalik the Mummy Necromancer began the quest for the
                  | Orb.
     0 | D:1      | Reached XP level 1. HP: 13/13 MP: 4/4
   316 | D:1      | Reached XP level 2. HP: 19/19 MP: 1/5
   575 | D:1      | Reached skill level 5 in Necromancy
   640 | D:1      | Reached XP level 3. HP: 24/24 MP: 5/7
   645 | D:1      | Learned a level 3 spell: Vampiric Draining
  1244 | D:2      | Identified the +5 flail of Contention {freeze, rF+ rN++
                  | MP+9 Dex-5}
  1245 | D:2      | Noticed Robin
  1573 | D:1      | Slain by a hobgoblin

Illustrated notes

Levels and vault maps discovered:
D:1:      wander_arrival_estate, layout_loops_ring, minmay_heptomino_o4
D:2:      layout_loops_cross, uniq_robin

Skill      XL: |  1  2  3 |
---------------+----------+-----
Necromancy     | 5 |  5.3
Spellcasting   | 3 |  3.1
Fighting       | |  0.5
Dodging        | |  1.5
Stealth        | |  1.5

Action                     || total
---------------------------++-------
  Melee: Dagger            ||     6
   Cast: Necrotise         ||    70
 Armour: Robe              ||    10
  Dodge: Dodged            ||     9
